 Dungeon Crawl Stone Soup version 0.21-a0-519-gb765982 (webtiles) character file.

121 slep the Chopper (level 5, -3/42 HPs)
             Began as a Formicid Monk on Dec 5, 2017.
             Slain by Natasha (7 damage)
             ... on level 2 of the Dungeon.
             The game lasted 00:05:51 (1513 turns).

slep the Chopper (Formicid Monk)                    Turns: 1513, Time: 00:05:52

Health: -3/42      AC:  5    Str: 16    XL:     5   Next: 26%
Magic:  5/5        EV: 13    Int: 10    God:
Gold:   121        SH:  0    Dex: 13    Spells: 4/4 levels left

rFire    . . .     SeeInvis +   a - +0 hand axe
rCold    + . .     Gourm    .   (no shield)
rNeg     . . .     Faith    .   h - +2 leather armour {rC+}
rPois    .         Spirit   .   (helmet unavailable)
rElec    .         Reflect  .   (no cloak)
rCorr    .         Harm     .   (no gloves)
MR       .....                  (no boots)
Stlth    ++........             (no amulet)
HPRegen  0.14/turn              (no ring)
MPRegen  0.09/turn              (no ring)

@: no status effects
A: permanent stasis, dig shafts and tunnels, four strong arms, antennae 3
a: Dig, Shaft Self


You were on level 2 of the Dungeon.
You were not hungry.

You visited 1 branch of the dungeon, and saw 2 of its levels.

You collected 121 gold pieces.

Inventory:

Hand Weapons
 a - a +0 hand axe (weapon)
Missiles
 j - 7 needles of sleeping
Armour
 b - a +0 robe
 h - a +2 leather armour of cold resistance (worn)
Scrolls
 e - a scroll of enchant weapon {unknown}
 i - a scroll of amnesia {unknown}
 k - a scroll of teleportation {unknown}
 l - a scroll of blinking {unknown}
 m - a scroll of noise {unknown}
Potions
 f - a potion of magic {unknown}
Comestibles
 c - 2 bread rations
 d - a meat ration
 g - 5 chunks of flesh


   Skills:
 + Level 3.8 Fighting
 + Level 4.4 Axes
 + Level 0.9 Armour
 + Level 3.2 Dodging
 + Level 3.1 Stealth


You had 4 spell levels left.
You didn't know any spells.

Dungeon Overview and Level Annotations

Branches:
Dungeon (2/15)

Altars:
Nemelex Xobeh

Annotations:
D:2 Natasha


Innate Abilities, Weirdness & Mutations

You cannot be hasted, slowed, berserked, paralysed or teleported.
You can dig through walls and to a lower floor.
Your four strong arms can wield two-handed weapons with a shield.
You have a pair of large antennae on your head. (SInv)


Message History

Natasha claws you.
You closely miss Natasha. Natasha claws you.
You closely miss Natasha. Natasha closely misses you.
You miss Natasha. Natasha claws you.
* * * LOW HITPOINT WARNING * * *
You barely miss Natasha. Natasha claws you but does no damage.
Natasha claws you.
* * * LOW HITPOINT WARNING * * *
You hit Natasha.
Natasha is lightly wounded.
Natasha stares at you and mumbles some strange words.
You resist with some effort.
You barely miss Natasha.
Natasha is lightly wounded.
Natasha claws you!
* * * LOW HITPOINT WARNING * * *
You miss Natasha.
Natasha is lightly wounded.
Natasha claws you!
You die...

#.##...............#
.......#.).......#####
.#####.####...####
#.####...# #........#
#.#####.## #.#####.#
#.# #..w....#####.#
##.#)h@....##.###
#.##.##.##...#
#.##.##.##.#.#
...........#.#
##.##.##.####.#
#.##.##.# .# #.......#
.# ##### ####.#### ..
..<.. #.# ## #####


You could see a worm and Natasha (invisible).

Vanquished Creatures
  Natasha (D:2)
  Robin (D:2)
  An adder (D:2)
  An ooze (D:1)
  A worm (D:2)
  3 leopard geckos (D:2)
  2 ball pythons (D:2)
  4 bats (D:1)
  3 giant cockroaches (D:1)
  11 goblins
  11 hobgoblins
  3 jackals (D:2)
  6 kobolds
  8 frilled lizards (D:1)
  5 rats
61 creatures vanquished.

Notes
Turn   | Place    | Note
-------+----------+-------------------------------------------
     0 | D:1      | slep the Formicid Monk began the quest for the Orb.
     0 | D:1      | Reached XP level 1. HP: 18/18 MP: 1/1
    40 | D:1      | Reached XP level 2. HP: 7/24 MP: 2/2
   352 | D:1      | Reached XP level 3. HP: 27/29 MP: 3/3
   911 | D:2      | Reached XP level 4. HP: 23/37 MP: 4/4
  1236 | D:2      | Reached skill level 4 in Axes
  1248 | D:2      | Noticed Natasha
  1257 | D:2      | Killed Natasha
  1345 | D:2      | Noticed Robin
  1352 | D:2      | Reached XP level 5. HP: 24/42 MP: 5/5
  1418 | D:2      | Killed Robin
  1469 | D:2      | Found a sparkling altar of Nemelex Xobeh.
  1502 | D:2      | Noticed Natasha
  1513 | D:2      | Slain by Natasha

Vault maps used:
D:1:      nzn_arrival_crosshair
D:2:      okawaru_trees_1, lemuel_doored_altar, uniq_robin, uniq_natasha

Skill      XL: |  1  2  3  4 |
---------------+-------------+-----
Dodging        | 3 |  3.2
Axes           | 4 |  4.4
Stealth        | 3 |  3.1
Fighting       | |  3.8
Armour         | |  0.9

Action                   |  1- 3 |  4- 6 || total
-------------------------+-------+-------++-------
Melee: Hand axe          |   114 |    95 ||   209
 Stab: Sleeping          |     5 |     3 ||     8
       Distracted        |       |     1 ||     1
  Eat: Chunk             |       |     2 ||     2
Armor: Robe              |    24 |       ||    24
       Leather armour    |     7 |    13 ||    20
Dodge: Dodged            |    73 |    44 ||   117

Table legend:
 A = Spawn XP
 B = Non-spawn XP
 C = Spawn XP percentage of total XP
 D = Spawn monster count
 E = Non-spawn monster count
 F = Spawn count percentage of total count
 G = Total turns spent on level
                    A         B        C        D         E        F      G
               +---------+---------+-------+---------+---------+-------+---------
         Total |       0 |     173 |   0.0 |       0 |      61 |   0.0 |  1513
               +---------+---------+-------+---------+---------+-------+---------
           D:1 |       0 |      49 |   0.0 |       0 |      28 |   0.0 |   712
           D:2 |       0 |     124 |   0.0 |       0 |      33 |   0.0 |   801
               +---------+---------+-------+---------+---------+-------+---------
